 Dungeon Crawl Stone Soup version 0.31-a0-620-gd1cbd99268 (webtiles) character file.

Game seed: 1026821280393885688

4255 javelincjr the Magician (level 10, -5/73 HPs)
             Began as a Demonspawn Conjurer on Aug 23, 2023.
             Was a Follower of Sif Muna.
             Slain by a yak (9 damage)
             ... on level 8 of the Dungeon.
             The game lasted 00:40:33 (8437 turns).

javelincjr the Magician (Demonspawn Conjurer)       Turns: 8437, Time: 00:40:34

Health: -5/73      AC: 14    Str: 14    XL:     10   Next: 10%
Magic:  16/19      EV: 12    Int: 24    God:    Sif Muna [*.....]
Gold:   500        SH:  0    Dex: 11    Spells: 19/22 levels left

rFire   + + +        y - +9 hand axe of Midsummer {freeze, rPois rF+ rC+}
rCold   + + .        (no shield)
rNeg    . . .        i - +8 ring mail of Apathy {rElec rPois rF+ rC++}
rPois   +            (helmet restricted)
rElec   +            (no cloak)
rCorr   .            (gloves unavailable)
SInv    .            (no boots)
Will    .....        (no amulet)
Stlth   ++           s - ring of fire
HPRegen 0.32/turn    a - +6 ring of strength
MPRegen 0.16/turn

%: no passive effects
@: about to teleport
A: antennae 1, hooves 2, demonic guardian 2, demonic touch 3
a: Renounce Religion, Channel Magic


You were on level 8 of the Dungeon.
You worshipped Sif Muna.
Sif Muna was aware of your devotion.
You visited 2 branches of the dungeon, and saw 10 of its levels.

You collected 500 gold pieces.

Inventory:

Hand Weapons
 f - a +0 dagger
 y - the +9 hand axe of Midsummer (weapon) {freeze, rPois rF+ rC+}
   (You found it on level 4 of the Dungeon)

   rF+:       It protects you from fire.
   rC+:       It protects you from cold.
   rPois:     It protects you from poison
 B - the +2 dagger of Ziusch {spect, rC++}
   (You found it on level 5 of the Dungeon)

   rC++:      It greatly protects you from cold.
 M - the +9 trident of Ru's Inspiration {freeze, Str+4}
   (You found it on level 7 of the Dungeon)

   Str+4:     It affects your strength (+4).
Missiles
 k - 23 poisoned darts
Armour
 c - a +0 pair of gloves
 d - +0 steam dragon scales
 i - the +8 ring mail of Apathy (worn) {rElec rPois rF+ rC++}
   (You found it on level 2 of the Dungeon)

   rF+:       It protects you from fire.
   rC++:      It greatly protects you from cold.
   rElec:     It insulates you from electricity.
   rPois:     It protects you from poison
Magical Staves
 z - a staff of air
Jewellery
 a - a +6 ring of strength (right hand)
 s - a ring of fire (left hand)
 J - a ring of positive energy
 L - a ring of willpower
 Q - a ring of protection from cold
Wands
 t - a wand of flame (20)
 D - a wand of charming (7)
 E - a wand of roots (5)
 G - a wand of mindburst (28)
Scrolls
 e - 2 scrolls of enchant weapon {unknown}
 h - 2 scrolls of silence {unknown}
 j - 4 scrolls of teleportation
 r - 2 scrolls of amnesia {unknown}
 A - 2 scrolls of summoning {unknown}
 C - 3 scrolls of enchant armour {unknown}
 F - a scroll of acquirement {unknown}
 K - a scroll of identify
 N - a scroll of noise {unknown}
 O - a scroll of revelation {unknown}
 P - a scroll of blinking {unknown}
Potions
 b - a potion of magic
 g - 3 potions of degeneration
 l - 4 potions of attraction
 m - 2 potions of brilliance
 n - a potion of enlightenment {unknown}
 o - 2 potions of cancellation
 p - a potion of resistance {unknown}
 q - a potion of haste {unknown}
 u - 2 potions of ambrosia {unknown}
 v - a potion of invisibility {unknown}
 w - 3 potions of heal wounds {unknown}
 x - 4 potions of curing
 H - a potion of berserk rage {unknown}
 I - a potion of might {unknown}


   Skills:
 + Level 4.3 Fighting
 + Level 3.9 Axes
 * Level 5.9 Armour
 + Level 4.9 Dodging
 + Level 5.3 Stealth
 * Level 6.5 Spellcasting
 + Level 6.4 Conjurations
 + Level 3.1 Invocations


You had 19 spell levels left.
You knew the following spells:

 Your Spells              Type           Power      Damage    Failure   Level
a - Magic Dart            Conj           100%       1d8       1%          1
b - Searing Ray           Conj           76%        2d7       1%          2

Your spell library contained the following spells:

 Spells                   Type           Power      Damage    Failure   Level
 Dazzling Flash           Conj/Hex       46%        N/A       12%         3
 Slow                     Hex            28%        N/A       14%         1
 Fulminant Prism          Conj/Hex       11%        3d8       36%         4
 Iskenderun's Mystic Bla  Conj/Tloc      23%        2d6       36%         4
 Confusing Touch          Hex            7%         N/A       41%         3
 Vampiric Draining        Necr           7%         2d6       41%         3
 Vhi's Electric Charge    Tloc/Air       14%        N/A       41%         3
 Arcjolt                  Conj/Air       11%        1d21      71%         5
 Summon Forest            Summ/Tloc      3%         N/A       99%         5
 Eringya's Noxious Bog    Tmut/Pois      3%         4d6       100%        6
 Plasma Beam              Fire/Air       5%         2x1d16    100%        6
 Summon Hydra             Summ           3%         N/A       100%        7


Dungeon Overview and Level Annotations

Branches:
Dungeon (9/15)             Temple (1/1) D:6
   Lair: D:8-11         Orc: D:9-12

Altars:
Cheibriados
Dithmenos
Fedhas
Gozag
Hepliaklqana
Makhleb
Nemelex Xobeh
Okawaru
Qazlal
Ru
Sif Muna
Trog
Uskayaw
Wu Jian
Xom
Yredelemnul

Shops:
D:3 :   D:6 =


Innate Abilities, Weirdness & Mutations

You have a pair of small antennae on your head.
You have hoof-like feet.
A demonic guardian rushes to your aid.
Your touch may irresistibly damage your foes and sap their willpower.


Message History

Magic restored.
Unknown command.
You start resting.
HP restored.
You climb downwards.
The warg barely misses you. The yak gores you but does no damage.
The yak closely misses you. The warg bites you.
The yak gores you but does no damage. The yak misses you.
There is a stone staircase leading up here.
Casting: Searing Ray (safe; 1% risk of failure)
Confirm with . or Enter, or press ? or * to list all spells.
Aiming: Searing Ray (safe; 1% risk of failure)
Press: ? - help, Shift-Dir - straight line, f - warg
Aim: a warg (76% to hit)
The searing ray misses the warg. (Press . to maintain the ray.)
The warg barely misses you. The yak gores you. x2
The searing ray hits the warg.
The warg is lightly wounded.
The warg bites you but does no damage. The yak gores you!
The yak completely misses you. The warg bites you.
The searing ray hits the warg!
The warg is moderately wounded.
The warg bites you! The yak misses you. The yak closely misses you.
The warg bites you! The yak gores you but does no damage.
The yak barely misses you.
You climb upwards.
There is a stone staircase leading down here.
As you read the scroll of teleportation, it crumbles to dust.
You feel strangely unstable. The warg barely misses you.
The yak gores you but does no damage. The yak barely misses you.
You are too injured to fight recklessly!
You closely miss the warg. Your kick misses the warg.
The warg is moderately wounded.
You hit the yak. You freeze the yak. You hit the yak. You freeze the yak.
The warg misses you. The yak gores you!
* * * LOW HITPOINT WARNING * * *
The warg bites you!
* * * LOW HITPOINT WARNING * * *
A demonic guardian appears!
The yak gores you!
You die...

######## #..>...#
######### #.####.#
#........ #######
#.####.###.#######
#.....#
#..............###
####.###.#
#Y##.#.#.#.###.##.
.......#.#
#@##.#.#.#.# #.#..
.###.#.#.#
#hY....#.#.###....
.# #.#.#.#
#3##.....#........
## #.#.#.#
#.#####..#####....
#.....### #.# #..#
####. ##...##.##
#.#####..# #. #
#.......#
#......).# ##' ##
#...##.##
#######)## ##..
.## ######.# #[#
##...


You could see 2 yaks, a warg (ally target) and a friendly smoke demon
(summoned).

Vanquished Creatures
  Pikel (D:8)
  A hornet (D:7)
  A wraith (D:9)
  6 yaks
  Grum (D:8)
  2 steam dragons
  A water moccasin (D:8)
  A sky beast (D:7)
  2 orc warriors (D:8)
  2 ice beasts
  3 centaurs
  2 ogres (D:6)
  A phantom (D:6)
  A kobold brigand (D:7)
  3 bullfrogs
  2 scorpions
  A wight (D:7)
  A jelly (D:5)
  2 hounds (D:6)
  3 orc priests
  4 iguanas
  4 orc wizards
  A sleepcap (D:6)
  An adder (D:3)
  A shadow imp (D:7)
  A white imp (D:7)
  2 ufetubi (D:5)
  2 dart slugs
  2 worms
  26 orcs
  5 ball pythons
  2 bats
  4 endoplasms
  13 hobgoblins
  4 jackals (D:4)
  4 quokkas
  6 frilled lizards
  9 goblins
  9 kobolds
  4 rats
141 creatures vanquished.

Vanquished Creatures (collateral kills)
  2 wolves (D:8)
  A bullfrog (D:7)
  An orc priest (D:8)
  An orc wizard (D:8)
  A shadow imp (D:6)
  A dart slug (D:5)
  3 orcs
  2 hobgoblins
  A kobold (D:1)
  A rat (D:1)
14 creatures vanquished.

Vanquished Creatures (others)
  An orc warrior (D:7)
  A black bear (D:7)
  A scorpion (D:7)
  A gnoll bouda (D:7)
  A gnoll (D:7)
  An orc (D:7)
6 creatures vanquished.

Grand Total: 161 creatures vanquished

Notes
Turn   | Place    | Note
-------+----------+-------------------------------------------
     0 | D:1      | javelincjr the Demonspawn Conjurer began the quest for the
                  | Orb.
     0 | D:1      | Reached XP level 1. HP: 13/13 MP: 3/3
    98 | D:1      | Gained mutation: A weak demonic guardian rushes to your
                  | aid. [demonic ancestry]
    98 | D:1      | Reached XP level 2. HP: 4/19 MP: 0/5
   665 | D:1      | Found a faded altar of an unknown god.
   965 | D:2      | Identified the +8 ring mail of Apathy {rElec rPois rF+
                  | rC++}
  1046 | D:2      | Gained mutation: A demonic guardian rushes to your aid.
                  | [demonic ancestry]
  1046 | D:2      | Reached XP level 3. HP: 24/24 MP: 4/6
  1292 | D:2      | Learned a level 2 spell: Searing Ray
  1927 | D:3      | Discovered your monstrous ancestry.
  1927 | D:3      | Gained mutation: Your touch may inflict minor irresistible
                  | damage on your foes. [demonic ancestry]
  1927 | D:3      | Reached XP level 4. HP: 30/30 MP: 1/7
  1999 | D:3      | Found Kairyc's Book Boutique.
  2117 | D:3      | You fall into a shaft and drop 2 floors!
  2117 | D:5      | Entered Level 5 of the Dungeon
  2370 | D:4      | Reached skill level 1 in Armour
  3633 | D:4      | Identified the +9 hand axe of Midsummer {freeze, rPois rF+
                  | rC+}
  3787 | D:5      | Gained mutation: You have large cloven feet. [demonic
                  | ancestry]
  3787 | D:5      | Reached XP level 5. HP: 35/35 MP: 4/9
  4066 | D:5      | Gained mutation: Your touch may inflict irresistible damage
                  | on your foes. [demonic ancestry]
  4066 | D:5      | Reached XP level 6. HP: 42/42 MP: 3/10
  4165 | D:5      | Identified the +2 dagger of Ziusch {spect, rC++}
  4172 | D:5      | Reached skill level 1 in Fighting
  4427 | D:5      | Reached skill level 1 in Axes
  4605 | D:6      | Found Ciuxireg's Jewellery Shoppe.
  4626 | D:6      | Found an iron altar of Okawaru.
  4879 | D:6      | Gained mutation: You have a pair of small antennae on your
                  | head. [demonic ancestry]
  4879 | D:6      | Reached XP level 7. HP: 47/48 MP: 12/12
  4920 | D:6      | Reached skill level 5 in Conjurations
  4970 | D:6      | Found a staircase to the Ecumenical Temple.
  4981 | Temple   | Entered the Ecumenical Temple
  5028 | Temple   | Became a worshipper of Sif Muna the Loreminder
  5331 | D:6      | Noticed a steam dragon
  5355 | D:6      | Killed a steam dragon
  5786 | D:7      | Reached XP level 8. HP: 55/57 MP: 0/14
  5939 | D:7      | Found a shimmering altar of Xom.
  5941 | D:7      | Noticed a hornet
  5980 | D:7      | Killed a hornet
  6530 | D:7      | Reached skill level 5 in Spellcasting
  6693 | D:7      | Identified the +9 trident of Ru's Inspiration {freeze,
                  | Str+4}
  7197 | D:8      | Reached * piety under Sif Muna
  7364 | D:8      | Noticed Grum
  7377 | D:8      | Killed Grum
  7378 | D:8      | Gained mutation: You have hoof-like feet. [demonic
                  | ancestry]
  7378 | D:8      | Reached XP level 9. HP: 59/64 MP: 12/17
  7399 | D:8      | Noticed Pikel
  7422 | D:8      | Killed Pikel
  7423 | D:8      | Reached skill level 5 in Armour
  7423 | D:8      | Reached skill level 1 in Invocations
  7745 | D:8      | Reached skill level 5 in Stealth
  7904 | D:8      | Found a hide-covered altar of Uskayaw.
  8183 | D:9      | Found a blossoming altar of Fedhas.
  8229 | D:9      | Gained mutation: Your touch may irresistibly damage your
                  | foes and sap their willpower. [demonic ancestry]
  8229 | D:9      | Reached XP level 10. HP: 72/72 MP: 11/19
  8294 | D:9      | Reached ** piety under Sif Muna
  8437 | D:8      | Slain by a yak

Illustrated notes

Levels and vault maps discovered:
D:1:      psy_arrival_conway, layout_basic, nicolae_ecumenical_lake_church
D:2:      layout_basic
D:3:      layout_basic, serial_shops, shop, kennysheep_generic_room_2
D:4:      layout_basic
D:5:      layout_basic, serial_bayou_crossing
D:6:      layout_basic, mainiacjoe_overflow_paths, minmay_temple_entry_slanted,
          serial_shops, nicolae_shop_hallway_stairs
D:7:      layout_loops_cross, xom_confusion_cloud, nrook_uturn
D:8:      layout_loops_corners, mainiacjoe_overflow_alcove_2, item_on_display_a,
          uniq_pikel, uniq_grum
D:9:      layout_rooms, mainiacjoe_overflow_brackets, amcnicky_altar_gilded,
          gammafunk_temple_overflow_statue, erik_lair_orcish_takeover,
          ebering_ghost_reflecting_pool
Temple:   nicolae_temple_ecumenical_triangle

Skill      XL: |  1  2  3  4  5  6  7  8  9 10 |
---------------+-------------------------------+-----
Stealth        | 2 3 4 5 |  5.3
Dodging        | 2 3 4 |  4.9
Armour         | 1 2 3 4 5 |  5.9
Spellcasting   | 3 4 5 6 |  6.5
Fighting       | 1 2 3 4 |  4.3
Axes           | 1 2 3 |  3.9
Conjurations   | 5 6 |  6.4
Invocations    | 2 3 |  3.1

Action                     |  1- 3 |  4- 6 |  7- 9 | 10-12 || total
---------------------------+-------+-------+-------+-------++-------
  Melee: Unarmed           |    11 |       |       |       ||    11
         Punch             |     1 |       |       |       ||     1
         Dagger            |    55 |    10 |       |       ||    65
         Hand axe          |       |    30 |    65 |    12 ||   107
         Touch             |       |     5 |     6 |     1 ||    12
         Kick              |       |     8 |    17 |     5 ||    30
   Cast: Magic Dart        |    54 |    70 |    81 |     1 ||   206
         Searing Ray       |     4 |    10 |    24 |     2 ||    40
    Use: Scroll            |       |     4 |     2 |     1 ||     7
 Armour: Robe              |     7 |       |       |       ||     7
         Ring mail         |    32 |    46 |    61 |    10 ||   149
  Dodge: Dodged            |    73 |    32 |    50 |    18 ||   173

Table legend: (Time is in decaauts)
 A = Elapsed time spent in this place.
 B = Non-inter-level travel time spent in this place.
 C = Inter-level travel time spent in this place.
 D = Time resting spent in this place.
 E = Time spent auto-exploring this place.
 F = Levels seen in this place.
 G = Mean time per level.
                   A        B        C        D        E       F      G
               +--------+--------+--------+--------+--------+-----+--------+
         Total |   8469 |   8209 |    260 |    644 |   6187 |  10 |  846.9 |
       Dungeon |   8396 |   8136 |    260 |    644 |   6187 |   9 |  932.9 |
        Temple |     72 |     72 |      0 |      0 |      0 |   1 |   72.0 |
               +--------+--------+--------+--------+--------+-----+--------+

Top non-repeatable levels by time:
     D:8: 1308 daAuts
     D:7: 1231 daAuts
     D:3: 1135 daAuts
     D:6: 1088 daAuts
     D:5: 915 daAuts
     D:1: 913 daAuts
     D:2: 903 daAuts
     D:4: 753 daAuts
     D:9: 147 daAuts
  Temple: 72 daAuts
